Map: Whirlwind LE (Void)

Players

Fropez

  • Race: Protoss Protoss
  • League: Gold
  • Spawn Location: 1:00

Findail - Winner!

  • Race: Terran Terran
  • League: Gold
  • Spawn Location: 5:00

VOD

Have the link to the VOD?

Description

Time

  • Played on: Jan. 10, 2017, 6 p.m.
  • Length: 17:15
Show
View Real Time Build Order
Export as new Build Order

Fropez Protoss 

Build Orders: Nexus First 

Get SALT Encoding   

  12  0:27  Pylon  
  12  0:48  Nexus  
  12  0:56  Probe (Chrono Boost)  
  13  1:12  Gateway  
  13  1:16  Probe (Chrono Boost), Assimilator  
  14  1:33  Probe (Chrono Boost)  
  15  1:41  Pylon  
  15  1:44  Pylon  
  15  1:50  Probe (Chrono Boost)  
  16  1:54  Pylon  
  16  2:01  Probe (Chrono Boost)  
  17  2:04  Pylon  
  16  2:11  Probe (Chrono Boost)  
  16  2:15  Probe (Chrono Boost)  
  18  2:22  Probe (Chrono Boost)  
  19  2:24  Assimilator  
  19  2:26  Probe (Chrono Boost)  
  19  2:28  Pylon  
  20  2:30  Pylon  
  20  2:32  Probe (Chrono Boost)  
  21  2:41  Cybernetics Core  
  21  2:47  Probe (Chrono Boost)  
  21  2:49  Probe (Chrono Boost)  
  23  2:58  Probe (Chrono Boost)  
  24  3:02  Gateway  
  24  3:03  Probe (Chrono Boost)  
  25  3:12  Gateway  
  25  3:16  Warp Gate  
  25  3:20  Pylon  
  25  3:23  Probe (Chrono Boost)  
  28  3:28  Assimilator, Mothership Core (Chrono Boost)  
  30  3:34  Adept  
  30  3:38  Probe (Chrono Boost)  
  31  3:44  Pylon  
  31  3:47  Probe (Chrono Boost)  
  32  3:50  Adept  
  34  4:04  Twilight Council  
  34  4:09  Stalker  
  36  4:10  Probe (Chrono Boost)  
  36  4:12  Probe (Chrono Boost)  
  38  4:18  Stalker  
  38  4:20  Probe (Chrono Boost)  
  42  4:24  Probe (Chrono Boost)  
  43  4:31  Probe (Chrono Boost)  
  43  4:33  Resonating Glaives  
  43  4:34  Pylon  
  43  4:36  Probe (Chrono Boost)  
  44  4:42  Stalker  
  44  4:45  Pylon  
  47  4:54  Probe (Chrono Boost)  
  47  4:55  Probe (Chrono Boost)  
  50  5:06  Probe (Chrono Boost)  
  51  5:07  Pylon  
  51  5:09  Probe (Chrono Boost)  
  50  5:18  Pylon  
  52  5:21  Probe x2 (Chrono Boost)  
  52  5:32  Stalker x2  
  52  5:33  Probe (Chrono Boost)  
  52  5:34  Probe (Chrono Boost)  
  58  5:45  Probe (Chrono Boost)  
  58  5:50  Pylon  
  58  5:51  Probe (Chrono Boost)  
  59  5:58  Probe (Chrono Boost), Assimilator  
  59  5:59  Stalker x2  
  63  6:09  Robotics Facility  
  63  6:10  Probe x2 (Chrono Boost), Stalker  
  67  6:13  Gateway  
  67  6:23  Probe x2 (Chrono Boost), Stalker x2  
  73  6:37  Pylon  
  73  6:42  Adept  
  75  6:51  Probe (Chrono Boost)  
  75  6:52  Probe (Chrono Boost)  
  77  6:56  Blink  
  77  6:57  Nexus  
  77  7:00  Adept x2, Pylon  
  81  7:01  Observer  
  81  7:03  Probe (Chrono Boost)  
  81  7:04  Probe (Chrono Boost)  
  84  7:14  Forge  
  84  7:16  Forge  
  84  7:19  Stalker x2  
  84  7:20  Forge  
  85  7:26  Adept  
  78  7:32  Pylon  
  78  7:34  Pylon  
  77  7:37  Adept x2  
  81  7:57  Adept x2  
  79  8:02  Assimilator  
  79  8:03  Adept, Immortal  
  79  8:04  Adept  
  85  8:06  Assimilator  
  85  8:10  Pylon  
  75  8:20  Gateway  
  75  8:23  Dark Shrine  
  73  8:27  Adept x3  
  77  8:38  Adept  
  77  9:02  Adept x2  
  81  9:07  Mothership Core (Chrono Boost)  
  81  9:09  Pylon  
  67  9:26  Adept  
  67  9:27  Adept x2  
  67  9:28  Nexus  
  73  9:42  Gateway  
  73  9:43  Gateway  
  73  9:48  Pylon  
  73  9:49  Gateway  
  73  9:50  Gateway  
  73  9:52  Pylon  
  73  9:53  Dark Templar  
  73  9:54  Dark Templar  
  67  10:26  Dark Templar x2  
  53  10:49  Adept  
  53  11:11  Probe (Chrono Boost)  
  54  11:13  Assimilator  
  54  11:15  Adept x2  
  54  11:18  Assimilator  
  54  11:21  Probe (Chrono Boost)  
  55  11:27  Probe (Chrono Boost)  
  55  11:28  Probe (Chrono Boost)  
  55  11:32  Probe (Chrono Boost)  
  58  11:33  Zealot x2  
  58  11:34  Zealot  
  65  11:40  Probe (Chrono Boost)  
  65  11:42  Probe (Chrono Boost)  
  65  11:43  Pylon  
  65  11:46  Pylon  
  66  11:48  Mothership Core (Chrono Boost)  
  66  11:53  Probe (Chrono Boost), Assimilator  
  69  12:03  Probe (Chrono Boost)  
  70  12:11  Nexus  
  70  12:14  Probe (Chrono Boost)  
  71  12:17  Adept x6  
  83  12:24  Probe (Chrono Boost)  
  74  12:43  Adept x3  
  74  12:44  Adept x2  
  74  13:14  Robotics Bay  
  74  13:17  Cybernetics Core, Dark Shrine  
  74  13:20  Pylon  
  74  13:23  Pylon, Probe x2 (Chrono Boost)  
  74  13:25  Pylon  
  76  13:28  Pylon  
  77  13:34  Probe (Chrono Boost)  
  77  13:39  Probe (Chrono Boost)  
  77  13:40  Pylon  
  78  13:44  Probe (Chrono Boost)  
  79  13:49  Probe (Chrono Boost)  
  79  13:55  Probe (Chrono Boost)  
  77  14:11  Adept x2, Pylon  
  77  14:12  Adept  
  83  14:22  Gateway  
  83  14:24  Probe (Chrono Boost)  
  84  14:25  Gateway  
  84  14:26  Mothership Core (Chrono Boost)  
  84  14:28  Gateway  
  86  14:31  Gateway  
  86  14:33  Adept x3, Gateway  
  86  14:35  Pylon  
  86  14:37  Pylon  
  85  14:39  Pylon  
  85  14:40  Pylon  
  85  14:42  Assimilator  
  67  14:46  Assimilator  
  63  15:01  Nexus  
  63  15:04  Dark Templar  
  65  15:12  Pylon  
  65  15:19  Dark Templar  
  67  15:25  Pylon  
  67  15:27  Pylon  
  67  15:31  Pylon  
  67  15:33  Pylon  
  67  15:46  Dark Templar x4  
  65  16:21  Gateway  
  65  16:25  Stalker x5  
  75  16:26  Pylon  
  75  16:30  Gateway  
  48  16:49  Dark Templar x3  
  51  17:02  Zealot  
Show
View Real Time Build Order
Export as new Build Order

Findail Terran - Winner!

Build Orders: MMM Bio 

Get SALT Encoding   

  12  0:02  SCV  
  13  0:14  SCV  
  13  0:18  Supply Depot  
  14  0:26  SCV  
  15  0:40  SCV  
  15  0:41  Barracks  
  16  0:45  Refinery  
  16  0:50  Refinery  
  16  0:54  SCV  
  17  1:06  SCV  
  18  1:18  SCV  
  19  1:29  Supply Depot  
  19  1:30  Orbital Command  
  19  1:32  Barracks Reactor  
  19  1:58  SCV  
  20  2:10  SCV  
  21  2:22  SCV  
  22  2:25  Marine x2  
  24  2:38  Factory  
  24  2:43  Marine x2  
  26  2:44  SCV  
  27  2:58  Barracks  
  27  3:01  Marine x2  
  27  3:03  Supply Depot  
  29  3:05  SCV  
  30  3:19  Marine x2  
  32  3:23  Starport  
  32  3:26  Factory Tech Lab  
  32  3:36  Marine  
  32  3:37  Marine  
  34  3:49  Siege Tank  
  34  3:52  Barracks Tech Lab  
  34  3:54  Marine x2  
  39  4:02  Starport Reactor  
  39  4:03  Supply Depot  
  39  4:12  Marine x2  
  39  4:16  Combat Shields  
  41  4:20  Marine  
  42  4:30  Marine x2, Siege Tank  
  47  4:38  Marine  
  48  4:46  Medivac  
  48  4:48  Marine x2  
  52  4:53  Medivac  
  52  4:56  Marine  
  55  5:09  Siege Tank  
  55  5:14  Supply Depot  
  58  5:21  Medivac  
  60  5:23  Medivac  
  62  5:31  Marine  
  62  5:35  Marine, Stimpack  
  63  5:37  Marine  
  65  5:58  Medivac  
  65  6:01  Marine x2  
  65  6:02  Marine  
  70  6:19  Marine  
  71  6:44  Marine x3  
  71  6:45  Siege Tank  
  77  6:57  Supply Depot  
  77  7:02  Marine x2  
  79  7:19  Marine, Medivac x2  
  79  7:20  Marine x2  
  86  7:36  Marine  
  87  7:50  Marine  
  87  7:59  Marine  
  87  8:19  Marine  
  83  8:37  Marine  
  76  9:28  Marine x3  
  79  9:33  Siege Tank  
  79  9:37  Medivac x2  
  86  9:44  Command Center  
  86  9:45  Marine  
  87  9:58  Marine  
  87  10:00  Marine  
  87  10:05  Marine  
  85  10:07  Medivac  
  87  10:34  Marine x2  
  87  10:37  Siege Tank  
  87  10:38  Marine  
  87  10:41  Medivac x2  
  87  10:55  Marine x2  
  89  11:11  Medivac  
  91  11:13  Marine  
  92  11:38  Engineering Bay  
  92  11:41  Marine x3  
  95  11:58  Marine  
  95  11:59  Marine x2  
  98  12:16  Marine x2  
  98  12:17  Marine  
  98  12:19  Missile Turret  
  98  12:21  Planetary Fortress  
  101  12:34  Marine  
  102  12:41  Missile Turret  
  102  12:49  Marine  
  102  13:01  Marine  
  97  13:07  Marine  
  86  13:19  SCV  
  82  13:31  SCV  
  73  14:12  Orbital Command  
  73  16:32  Supply Depot  
  58  16:58  Supply Depot  
Tags
 
Composition
MMM Bio
League
GoldGold
Matchup
PvT
Replay Pack
All Mines
Spawn Locations
Close Positions
Add a new tag
Caveats
  • Supply blocks, unpowered buildings, or Contaminate may cause inaccurate times.
  • Supply counts are checked every 10 seconds.